Saguenéens vs Little Stars
(R1)
Created - May 12, 2020 at 19:20
Goals
|
| Saguenéens |
1 |
4 |
2 |
7 |
| Little Stars |
1 |
2 |
2 |
5 |
|
Shots
|
| Saguenéens |
16 |
12 |
7 |
35 |
| Little Stars |
11 |
18 |
10 |
39 |
|
1st period
1. Little Stars , Jesse Joensuu 51 (Anton Cederholm 19) at 9:36
2. Saguenéens , Mark Stone 27 (Henrik Samuelsson 16, Duncan Siemens 8) at 17:18
Penalties :
Zach Budish (Tex) for Holding (Minor) at 4:32, Carl Hagelin (Chi) for Hooking (Minor) at 18:03
2nd period
3. Saguenéens , Alexander Wennberg 39 (Garnet Hathaway 35) at 4:23
4. Saguenéens , Henrik Samuelsson 18 (Carl Hagelin 42, Nick Mattson 31) at 5:00
5. Little Stars , Zach Budish 12 (Dana Tyrell 49) at 7:27 (PP)
6. Saguenéens , Teemu Pulkkinen 20 (Rhett Rakhshani 22, Alexander Wennberg 68) at 15:29
7. Saguenéens , Mark Stone 28 (Carl Hagelin 43, Henrik Samuelsson 17) at 15:40
8. Little Stars , Eric Knodel 5 (Jesse Joensuu 70, Dana Tyrell 50) at 18:39
Penalties :
Carl Hagelin (Chi) for Roughing (Minor) at 7:22, Carl Hagelin (Chi) for Roughing (Minor) at 10:55, Eric Knodel (Tex) for Interference (Minor) at 16:00
3rd period
9. Little Stars , Shane Gersich 4 (Jason Dickinson 13, Shawn Matthias 10) at 3:26
10. Saguenéens , Nick Mattson 6 (Garnet Hathaway 36, Mason Raymond 47) at 9:44
11. Little Stars , Sebastian Wannstrom 19 (Roman Horak 4, Tyson Barrie 31) at 11:25
12. Saguenéens , Mason Raymond 54 (Alexander Wennberg 69, Garnet Hathaway 37) at 15:46
Penalties :
Alexander Wennberg (Chi) for Hooking (Minor) at 4:05, Garnet Hathaway (Chi) for Holding (Minor) at 12:45
Goalie Stats
Joe Cannata (Chi), 34 saves from 39 shots - (0.872), W, 36-24-6, 60:00 minutes
Matt Murray (Tex), 28 saves from 35 shots - (0.800), L, 37-24-6, 60:00 minutes
Players Stats for Saguenéens
Player Name G A P +/- PIM S H SB GA TA FO MP PP MP PK MP
------------------------------------------------------------------------------------
Alexander Wennberg 1 2 3 3 2 2 0 0 2 0 7/18 18:01 2:03 0:50
Carl Hagelin 0 2 2 2 6 3 1 1 0 0 0/0 16:35 1:45 0:00
Craig Cunningham 0 0 0 -3 0 0 0 0 0 1 0/0 14:51 0:10 2:35
Duncan Siemens 0 1 1 1 0 1 0 0 0 1 0/0 12:43 0:00 2:02
Garnet Hathaway 0 3 3 3 2 7 3 0 2 0 0/1 20:02 2:03 2:41
Henrik Samuelsson 1 2 3 2 0 4 2 0 0 0 2/17 15:16 0:00 0:48
Jake McCabe 0 0 0 0 0 0 1 0 1 1 0/0 16:10 1:00 2:29
Mark Stone 2 0 2 1 0 6 3 0 0 0 2/3 17:19 0:10 1:39
Mason Raymond 1 1 2 3 0 2 0 0 2 0 5/7 21:21 2:03 3:59
Mattias Janmark 0 0 0 -2 0 3 1 0 1 1 7/14 13:00 1:45 0:00
Mike Amadio 0 0 0 1 0 0 0 0 0 0 0/2 5:55 0:00 0:00
Nick Mattson 1 1 2 3 0 2 4 0 1 0 0/0 22:23 1:44 3:27
Patrick Sieloff 0 0 0 0 0 0 2 2 1 1 0/0 18:48 1:14 0:08
Rhett Rakhshani 0 1 1 1 0 1 0 0 1 1 2/2 9:08 0:00 3:13
Robert Hagg 0 0 0 3 0 0 0 2 1 2 0/0 20:30 1:44 3:22
Seth Helgeson 0 0 0 -1 0 1 2 3 0 0 0/0 29:26 2:14 4:34
Teemu Pulkkinen 1 0 1 0 0 1 0 0 1 0 0/0 7:11 0:10 0:17
Tobias Rieder 0 0 0 -2 0 2 1 0 1 0 0/0 13:15 1:45 0:00
Players Stats for Little Stars
Player Name G A P +/- PIM S H SB GA TA FO MP PP MP PK MP
------------------------------------------------------------------------------------
Adam Tambellini 0 0 0 -3 0 1 1 0 1 0 0/0 13:35 0:19 0:53
Anton Cederholm 0 1 1 -2 0 0 0 0 0 1 0/0 18:45 2:58 1:40
Dana Tyrell 0 2 2 -2 0 1 2 0 0 2 13/20 17:23 3:29 1:05
Eric Knodel 1 0 1 -3 2 3 2 1 1 1 0/0 25:06 2:58 0:58
Evgeny Kuznetsov 0 0 0 -1 0 6 2 1 1 2 15/28 23:58 4:13 2:00
Jason Dickinson 0 1 1 1 0 1 1 0 0 0 1/1 6:27 0:00 0:00
Jesse Joensuu 1 1 2 0 0 4 5 0 0 1 0/1 22:26 3:24 1:05
Michael Mersch 0 0 0 -1 0 1 1 0 1 0 0/0 11:54 0:00 0:53
Reece Willcox 0 0 0 0 0 0 1 0 0 0 0/0 3:55 0:00 0:00
Roman Horak 0 1 1 -1 0 2 1 0 1 1 7/10 11:03 0:00 0:00
Scott Kosmachuck 0 0 0 -1 0 1 2 0 1 1 0/0 21:58 4:20 0:00
Sebastian Wannstrom 1 0 1 -1 0 1 0 0 0 1 0/0 10:48 0:00 0:00
Shane Gersich 1 0 1 1 0 4 0 0 0 0 0/0 7:30 0:36 0:00
Shawn Matthias 0 1 1 1 0 2 4 0 0 1 3/3 13:06 4:13 2:00
Tucker Poolman 0 0 0 0 0 1 0 0 0 0 0/0 14:11 0:00 0:42
Tyler Wotherspoon 0 0 0 0 0 6 3 2 1 3 0/0 29:14 5:03 2:18
Tyson Barrie 0 1 1 0 0 2 1 3 0 0 0/0 28:51 5:03 2:18
Zach Budish 1 0 1 -3 2 3 1 1 1 0 0/1 15:50 3:29 0:00
3 Stars
1 - Nick Mattson (Chi)
2 - Henrik Samuelsson (Chi)
3 - Mark Stone (Chi)
Power Play
Saguenéens - 0 on 2 Attempt(s) - 0.00%
Little Stars - 1 on 5 Attempt(s) - 20.00%
Penalty Kill
Saguenéens - 4 on 5 Attempt(s) - 80.00%
- Score 0 goal in Penalty Kill
Little Stars - 2 on 2 Attempt(s) - 100.00%
- Score 0 goal in Penalty Kill
Team Stat
Saguenéens - Hits : 20 - Faceoff Wins : 25 - Blocked Shots : 8 - Penalty Minutes : 10
Little Stars - Hits : 27 - Faceoff Wins : 39 - Blocked Shots : 8 - Penalty Minutes : 4
Official
Referees : Unknown
Linesman : Unknown
Game Notes
Reece Willcox is injured at 13:19 of 1st period (Bruised Left Arm)
Jake McCabe is injured at 14:31 of 2nd period (Sprained Right Knee)
Finance
Level 1 -- Attendance: 1657 (82.85%) -- Ticket Income $57,995
Level 2 -- Attendance: 980 (98.00%) -- Ticket Income $14,700
Total Attendance: 2637 (87.90%)
Total Ticket Income: $72,695
Other Income: $3,635
Total Income: $76,330
Saguenéens
5 vs 5 Forward
Center Left Wing Right Wing Time % Phy DF OF
1 Alexander Wennberg Mason Raymond Garnet Hathaway 35 1 2 2
2 Henrik Samuelsson Carl Hagelin Mark Stone 30 1 2 2
3 Mattias Janmark Craig Cunningham Tobias Rieder 25 1 2 2
4 Mike Amadio Teemu Pulkkinen Rhett Rakhshani 10 1 2 2
5 vs 5 Defense
Defense Defense Time % Phy DF OF
1 Seth Helgeson Jake McCabe 40 1 2 2
2 Nick Mattson Robert Hagg 30 1 2 2
3 Patrick Sieloff Duncan Siemens 20 1 2 2
4 Seth Helgeson Jake McCabe 10 1 2 2
PowerPlay Forward
Center Left Wing Right Wing Time % Phy DF OF
1 Alexander Wennberg Mason Raymond Garnet Hathaway 60 1 2 2
2 Mattias Janmark Carl Hagelin Tobias Rieder 40 1 2 2
PowerPlay Defense
Defense Defense Time % Phy DF OF
1 Seth Helgeson Jake McCabe 60 1 2 2
2 Nick Mattson Robert Hagg 40 1 2 2
Penalty Kill 4 Players Forward
Center Wing Time % Phy DF OF
1 Mason Raymond Garnet Hathaway 60 1 2 2
2 Mark Stone Alexander Wennberg 40 1 2 2
Penalty Kill 4 Players Defense
Defense Defense Time % Phy DF OF
1 Seth Helgeson Jake McCabe 60 1 2 2
2 Nick Mattson Robert Hagg 40 1 2 2
Penalty Kill - 3 Players Forward
Forward Time % Phy DF OF
1 Mason Raymond 60 1 2 2
2 Garnet Hathaway 40 1 2 2
Penalty Kill - 3 Players Defense
Defense Defense Time % Phy DF OF
1 Seth Helgeson Jake McCabe 60 1 2 2
2 Nick Mattson Robert Hagg 40 1 2 2
4 vs 4 Forward
Center Wing Time % Phy DF OF
1 Mason Raymond Garnet Hathaway 60 1 2 2
2 Mark Stone Alexander Wennberg 40 1 2 2
4 vs 4 Defense
Defense Defense Time % Phy DF OF
1 Seth Helgeson Jake McCabe 60 1 2 2
2 Nick Mattson Robert Hagg 40 1 2 2
Last Minutes Offensive
Center Left Wing Right Wing Defense Defense
Alexander Wennberg Mason Raymond Garnet Hathaway Seth Helgeson Jake McCabe
Last Minutes Defensive
Center Left Wing Right Wing Defense Defense
Alexander Wennberg Mason Raymond Garnet Hathaway Seth Helgeson Jake McCabe
Goaltenders
Starting : Joe Cannata
Backup : Tyler Beskorowany
Extra Forwards
Normal : Tobias Rieder, Craig Cunningham, Rhett Rakhshani - PP : Tobias Rieder, Craig Cunningham - PK : Rhett Rakhshani
Extra Defensemen
Normal : Patrick Sieloff, Duncan Siemens, Nick Mattson - PP : Patrick Sieloff - PK : Duncan Siemens, Nick Mattson
Penalty Shots
Mason Raymond, Garnet Hathaway, Mark Stone, Alexander Wennberg, Tobias Rieder
Scratches
Mikhail Grigorenko (Healthy), Tanner Richard (Healthy), Juraj Mikus (Healthy), Myles Bell (Healthy), Dylan Labbe (Healthy)
Adam Erne (Healthy), Nick Paul (Healthy), Calle Andersson (Healthy), Julius Honka (Healthy), Clark Bishop (Healthy)
Nikita Scherbak (Healthy), JJ. Piccinich (Healthy), Michael Giugovaz (Healthy)
Little Stars
5 vs 5 Forward
Center Left Wing Right Wing Time % Phy DF OF
1 Evgeny Kuznetsov Jesse Joensuu Scott Kosmachuck 40 1 2 2
2 Dana Tyrell Adam Tambellini Zach Budish 30 1 2 2
3 Roman Horak Michael Mersch Sebastian Wannstrom 20 1 2 2
4 Jason Dickinson Shane Gersich Shawn Matthias 10 1 2 2
5 vs 5 Defense
Defense Defense Time % Phy DF OF
1 Tyson Barrie Tyler Wotherspoon 40 1 2 2
2 Eric Knodel Anton Cederholm 30 1 2 2
3 Reece Willcox Tucker Poolman 20 1 2 2
4 Tyson Barrie Tyler Wotherspoon 10 1 2 2
PowerPlay Forward
Center Left Wing Right Wing Time % Phy DF OF
1 Evgeny Kuznetsov Shawn Matthias Scott Kosmachuck 60 0 2 3
2 Dana Tyrell Jesse Joensuu Zach Budish 40 0 2 3
PowerPlay Defense
Defense Defense Time % Phy DF OF
1 Tyson Barrie Tyler Wotherspoon 60 0 2 3
2 Eric Knodel Anton Cederholm 40 0 2 3
Penalty Kill 4 Players Forward
Center Wing Time % Phy DF OF
1 Shawn Matthias Evgeny Kuznetsov 60 0 3 2
2 Dana Tyrell Jesse Joensuu 40 0 3 2
Penalty Kill 4 Players Defense
Defense Defense Time % Phy DF OF
1 Tyson Barrie Tyler Wotherspoon 60 0 3 2
2 Eric Knodel Anton Cederholm 40 0 3 2
Penalty Kill - 3 Players Forward
Forward Time % Phy DF OF
1 Shawn Matthias 60 0 3 2
2 Evgeny Kuznetsov 40 0 3 2
Penalty Kill - 3 Players Defense
Defense Defense Time % Phy DF OF
1 Tyson Barrie Tyler Wotherspoon 60 0 3 2
2 Eric Knodel Anton Cederholm 40 0 3 2
4 vs 4 Forward
Center Wing Time % Phy DF OF
1 Shawn Matthias Evgeny Kuznetsov 60 1 2 2
2 Dana Tyrell Jesse Joensuu 40 1 2 2
4 vs 4 Defense
Defense Defense Time % Phy DF OF
1 Tyson Barrie Tyler Wotherspoon 60 1 2 2
2 Eric Knodel Anton Cederholm 40 1 2 2
Last Minutes Offensive
Center Left Wing Right Wing Defense Defense
Evgeny Kuznetsov Shawn Matthias Scott Kosmachuck Tyson Barrie Tyler Wotherspoon
Last Minutes Defensive
Center Left Wing Right Wing Defense Defense
Evgeny Kuznetsov Shawn Matthias Scott Kosmachuck Tyson Barrie Tyler Wotherspoon
Goaltenders
Starting : Matt Murray
Backup : Peter Delmas
Extra Forwards
Normal : Shane Gersich, Adam Tambellini, Michael Mersch - PP : Shane Gersich, Adam Tambellini - PK : Michael Mersch
Extra Defensemen
Normal : Reece Willcox, Tucker Poolman, Eric Knodel - PP : Reece Willcox - PK : Tucker Poolman, Eric Knodel
Penalty Shots
Shawn Matthias, Evgeny Kuznetsov, Dana Tyrell, Jesse Joensuu, Adam Tambellini
Scratches
Daniel O'regan (Left Hip Injury), Justin Auger (Fractured Orbital Bone Injury), Ville Pokka (Healthy), Daniil Tarasov (Abdomen/Ribs Injury), Emile Poirier (Healthy)
Patrick Wiercioch (Sore Left Knee Injury), Radel Fazleev (Healthy), Julien Nantel (Healthy), Connor Knapp (Healthy), Spencer Martin (Healthy)
% Time on Ice - Saguenéens
Lines # - Real PCT - Wanted PCT - Time Play
Normal Forward
1 - 34% - 35% - 16:10
2 - 31% - 30% - 14:41
3 - 23% - 25% - 11:15
4 - 12% - 10% - 5:55
Normal Defense
1 - 44% - 40% - 21:12
2 - 32% - 30% - 15:17
3 - 17% - 20% - 8:21
4 - 7% - 10% - 3:11
PP Forward
1 - 56% - 60% - 2:13
2 - 44% - 40% - 1:45
PP Defense
1 - 56% - 60% - 2:14
2 - 44% - 40% - 1:44
PK Forward
1 - 79% - 60% - 6:22
2 - 21% - 40% - 1:39
PK Defense
1 - 58% - 60% - 4:39
2 - 42% - 40% - 3:22
PK3 Forward
1 - 0% - 60%
2 - 0% - 40%
PK3 Defense
1 - 0% - 60%
2 - 0% - 40%
44 Forward
1 - 0% - 60%
2 - 0% - 40%
44 Defense
1 - 0% - 60%
2 - 0% - 40%
Last Minute Offensive - 0:00
Last Minute Defensive - 0:00
Total
Forward - 60:00
Defense - 60:00
|
% Time on Ice - Little Stars
Lines # - Real PCT - Wanted PCT - Time Play
Normal Forward
1 - 37% - 40% - 17:57
2 - 27% - 30% - 12:49
3 - 22% - 20% - 10:48
4 - 13% - 10% - 6:27
Normal Defense
1 - 39% - 40% - 18:54
2 - 27% - 30% - 13:11
3 - 31% - 20% - 14:42
4 - 3% - 10% - 1:14
PP Forward
1 - 57% - 60% - 4:32
2 - 43% - 40% - 3:29
PP Defense
1 - 63% - 60% - 5:03
2 - 37% - 40% - 2:58
PK Forward
1 - 73% - 60% - 2:53
2 - 27% - 40% - 1:05
PK Defense
1 - 58% - 60% - 2:18
2 - 42% - 40% - 1:40
PK3 Forward
1 - 0% - 60%
2 - 0% - 40%
PK3 Defense
1 - 0% - 60%
2 - 0% - 40%
44 Forward
1 - 0% - 60%
2 - 0% - 40%
44 Defense
1 - 0% - 60%
2 - 0% - 40%
Last Minute Offensive - 0:00
Last Minute Defensive - 0:00
Total
Forward - 60:00
Defense - 60:00
|
Play-by-Play
1st period
0:01 of 1st period - Evgeny Kuznetsov wins face-off versus Alexander Wennberg in neutral zone.
0:04 of 1st period - Mason Raymond is hit by Jesse Joensuu.
0:28 of 1st period - Snap shot by Mark Stone.
0:28 of 1st period - Shot Blocked by Tyson Barrie.
0:30 of 1st period - Snap shot by Mark Stone.
0:30 of 1st period - Shot Blocked by Tyler Wotherspoon.
1:49 of 1st period - Wrist shot by Zach Budish.
1:49 of 1st period - Deflect By Nick Mattson.
1:49 of 1st period - Stopped by Joe Cannata without a rebound.
1:50 of 1st period - Dana Tyrell wins face-off versus Henrik Samuelsson in Saguenéens zone.
1:57 of 1st period - Wrist shot by Carl Hagelin.
1:57 of 1st period - Deflect By Dana Tyrell.
1:57 of 1st period - Stopped by Matt Murray with a rebound.
2:13 of 1st period - Snap shot by Carl Hagelin.
2:13 of 1st period - Stopped by Matt Murray without a rebound.
2:14 of 1st period - Mattias Janmark wins face-off versus Evgeny Kuznetsov in Little Stars zone.
2:39 of 1st period - Garnet Hathaway is hit by Reece Willcox and loses puck.
3:21 of 1st period - Wrist shot by Shane Gersich.
3:21 of 1st period - Shot Misses the Net.
3:27 of 1st period - Slapshot by Shane Gersich.
3:27 of 1st period - Stopped by Joe Cannata with a rebound.
3:49 of 1st period - Wrist shot by Craig Cunningham.
3:49 of 1st period - Shot Misses the Net.
4:32 of 1st period - Minor Penalty to Zach Budish for Holding.
4:33 of 1st period - Shawn Matthias wins face-off versus Alexander Wennberg in Little Stars zone.
4:37 of 1st period - Snap shot by Shawn Matthias.
4:37 of 1st period - Stopped by Joe Cannata with a rebound.
4:43 of 1st period - Wrist shot by Alexander Wennberg.
4:43 of 1st period - Shot Blocked by Evgeny Kuznetsov.
4:45 of 1st period - Slapshot by Jake McCabe.
4:45 of 1st period - Shot Misses the Net.
4:47 of 1st period - Slapshot by Seth Helgeson.
4:47 of 1st period - Shot Misses the Net.
4:49 of 1st period - Wrist shot by Alexander Wennberg.
4:49 of 1st period - Stopped by Matt Murray with a rebound.
6:32 of 1st period - Penalty to Zach Budish is over, Zach Budish is back on ice.
6:40 of 1st period - Snap shot by Mark Stone.
6:40 of 1st period - Stopped by Matt Murray without a rebound.
6:41 of 1st period - Dana Tyrell wins face-off versus Mike Amadio in Little Stars zone.
7:11 of 1st period - Mattias Janmark is hit by Jesse Joensuu and loses puck.
7:26 of 1st period - Snap shot by Roman Horak.
7:26 of 1st period - Stopped by Joe Cannata with a rebound.
8:19 of 1st period - Wrist shot by Rhett Rakhshani.
8:19 of 1st period - Stopped by Matt Murray with a rebound.
9:06 of 1st period - Icing by Tucker Poolman.
9:07 of 1st period - Shawn Matthias wins face-off versus Alexander Wennberg in Little Stars zone.
9:36 of 1st period - Slapshot by Jesse Joensuu.
9:36 of 1st period - Goal by Jesse Joensuu - Saguenéens : 0 - Little Stars : 1.
9:37 of 1st period - Mason Raymond wins face-off versus Evgeny Kuznetsov in neutral zone.
9:40 of 1st period - Wrist shot by Garnet Hathaway.
9:40 of 1st period - Stopped by Matt Murray with a rebound.
9:42 of 1st period - Slapshot by Garnet Hathaway.
9:42 of 1st period - Stopped by Matt Murray without a rebound.
9:43 of 1st period - Evgeny Kuznetsov wins face-off versus Garnet Hathaway in Little Stars zone.
10:12 of 1st period - Off-side.
10:13 of 1st period - Dana Tyrell wins face-off versus Mattias Janmark in neutral zone.
10:18 of 1st period - Robert Hagg is hit by Zach Budish and loses puck.
10:25 of 1st period - Slapshot by Mattias Janmark.
10:25 of 1st period - Stopped by Matt Murray with a rebound.
10:45 of 1st period - Wrist shot by Garnet Hathaway.
10:45 of 1st period - Shot Misses the Net.
10:59 of 1st period - Snap shot by Mark Stone.
10:59 of 1st period - Stopped by Matt Murray without a rebound.
11:00 of 1st period - Roman Horak wins face-off versus Henrik Samuelsson in Little Stars zone.
11:27 of 1st period - Snap shot by Garnet Hathaway.
11:27 of 1st period - Deflect By Jesse Joensuu.
11:27 of 1st period - Stopped by Matt Murray with a rebound.
11:55 of 1st period - Snap shot by Tobias Rieder.
11:55 of 1st period - Shot Blocked by Zach Budish.
12:33 of 1st period - Jesse Joensuu is hit by Nick Mattson and loses puck.
13:18 of 1st period - Reece Willcox is hit by Carl Hagelin and loses puck.
13:19 of 1st period - Reece Willcox from Little Stars is injured at 13:19 of 1st period (Bruised Left Arm).
13:20 of 1st period - Alexander Wennberg wins face-off versus Evgeny Kuznetsov in Little Stars zone.
13:23 of 1st period - Snap shot by Garnet Hathaway.
13:23 of 1st period - Stopped by Matt Murray with a rebound.
13:33 of 1st period - Slapshot by Jesse Joensuu.
13:33 of 1st period - Shot Misses the Net.
14:08 of 1st period - Craig Cunningham is hit by Eric Knodel and loses puck.
14:27 of 1st period - Slapshot by Tyson Barrie.
14:27 of 1st period - Stopped by Joe Cannata without a rebound.
14:28 of 1st period - Jason Dickinson wins face-off versus Mike Amadio in Saguenéens zone.
14:41 of 1st period - Slapshot by Tyson Barrie.
14:41 of 1st period - Deflect By Robert Hagg.
14:41 of 1st period - Stopped by Joe Cannata with a rebound.
14:43 of 1st period - Snap shot by Tyler Wotherspoon.
14:43 of 1st period - Stopped by Joe Cannata with a rebound.
15:02 of 1st period - Off-side.
15:03 of 1st period - Evgeny Kuznetsov wins face-off versus Alexander Wennberg in neutral zone.
15:41 of 1st period - Snap shot by Evgeny Kuznetsov.
15:41 of 1st period - Stopped by Joe Cannata without a rebound.
15:42 of 1st period - Dana Tyrell wins face-off versus Alexander Wennberg in Saguenéens zone.
16:13 of 1st period - Snap shot by Mattias Janmark.
16:13 of 1st period - Stopped by Matt Murray with a rebound.
16:15 of 1st period - Wrist shot by Mattias Janmark.
16:15 of 1st period - Stopped by Matt Murray without a rebound.
16:16 of 1st period - Evgeny Kuznetsov wins face-off versus Henrik Samuelsson in Little Stars zone.
16:41 of 1st period - Eric Knodel is hit by Garnet Hathaway and loses puck.
16:50 of 1st period - Snap shot by Garnet Hathaway.
16:50 of 1st period - Stopped by Matt Murray without a rebound.
16:51 of 1st period - Evgeny Kuznetsov wins face-off versus Mattias Janmark in Little Stars zone.
17:18 of 1st period - Slapshot by Mark Stone.
17:18 of 1st period - Deflect By Tyson Barrie.
17:18 of 1st period - Goal by Mark Stone - Saguenéens : 1 - Little Stars : 1.
17:19 of 1st period - Alexander Wennberg wins face-off versus Evgeny Kuznetsov in neutral zone.
17:25 of 1st period - Tyler Wotherspoon is hit by Garnet Hathaway and loses puck.
17:34 of 1st period - Slapshot by Garnet Hathaway.
17:34 of 1st period - Stopped by Matt Murray without a rebound.
17:35 of 1st period - Dana Tyrell wins face-off versus Henrik Samuelsson in Little Stars zone.
17:35 of 1st period - Dana Tyrell is hit by Mark Stone.
17:41 of 1st period - Snap shot by Adam Tambellini.
17:41 of 1st period - Stopped by Joe Cannata without a rebound.
17:42 of 1st period - Dana Tyrell wins face-off versus Henrik Samuelsson in Saguenéens zone.
17:43 of 1st period - Wrist shot by Zach Budish.
17:43 of 1st period - Stopped by Joe Cannata with a rebound.
17:51 of 1st period - Snap shot by Dana Tyrell.
17:51 of 1st period - Shot Misses the Net.
17:53 of 1st period - Slapshot by Tyson Barrie.
17:53 of 1st period - Shot Blocked by Seth Helgeson.
17:57 of 1st period - Wrist shot by Adam Tambellini.
17:57 of 1st period - Shot Blocked by Carl Hagelin.
18:03 of 1st period - Minor Penalty to Carl Hagelin for Hooking.
18:04 of 1st period - Mason Raymond wins face-off versus Evgeny Kuznetsov in Saguenéens zone.
18:15 of 1st period - Seth Helgeson is hit by Shawn Matthias and loses puck.
Goals for this period are 1 for Saguenéens vs 1 for Little Stars.
Shots for this period are 16 for Saguenéens vs 11 for Little Stars.
2nd period
0:01 of 2nd period - Evgeny Kuznetsov wins face-off versus Mason Raymond in neutral zone.
0:03 of 2nd period - Penalty to Carl Hagelin is over, Carl Hagelin is back on ice.
0:08 of 2nd period - Snap shot by Evgeny Kuznetsov.
0:08 of 2nd period - Stopped by Joe Cannata with a rebound.
0:10 of 2nd period - Slapshot by Tyler Wotherspoon.
0:10 of 2nd period - Stopped by Joe Cannata with a rebound.
0:12 of 2nd period - Slapshot by Tyler Wotherspoon.
0:12 of 2nd period - Stopped by Joe Cannata with a rebound.
0:14 of 2nd period - Wrist shot by Evgeny Kuznetsov.
0:14 of 2nd period - Stopped by Joe Cannata without a rebound.
0:15 of 2nd period - Dana Tyrell wins face-off versus Henrik Samuelsson in Saguenéens zone.
0:26 of 2nd period - Wrist shot by Mark Stone.
0:26 of 2nd period - Shot Blocked by Tyson Barrie.
0:28 of 2nd period - Slapshot by Jake McCabe.
0:28 of 2nd period - Deflect By Mark Stone.
0:28 of 2nd period - Stopped by Matt Murray with a rebound.
1:05 of 2nd period - Anton Cederholm is hit by Nick Mattson and loses puck.
1:30 of 2nd period - Duncan Siemens is hit by Dana Tyrell and loses puck.
1:52 of 2nd period - Mason Raymond is hit by Jesse Joensuu and loses puck.
2:03 of 2nd period - Duncan Siemens is hit by Shawn Matthias and loses puck.
3:01 of 2nd period - Mason Raymond is hit by Evgeny Kuznetsov.
3:35 of 2nd period - Tobias Rieder is hit by Dana Tyrell and loses puck.
3:54 of 2nd period - Wrist shot by Jesse Joensuu.
3:54 of 2nd period - Shot Misses the Net.
4:06 of 2nd period - Tobias Rieder is hit by Scott Kosmachuck and loses puck.
4:19 of 2nd period - Slapshot by Seth Helgeson.
4:19 of 2nd period - Deflect By Garnet Hathaway.
4:19 of 2nd period - Shot Blocked by Tyson Barrie.
4:19 of 2nd period - Puck is out of play.
4:20 of 2nd period - Alexander Wennberg wins face-off versus Roman Horak in Little Stars zone.
4:23 of 2nd period - Wrist shot by Alexander Wennberg.
4:23 of 2nd period - Goal by Alexander Wennberg - Saguenéens : 2 - Little Stars : 1.
4:24 of 2nd period - Alexander Wennberg wins face-off versus Jesse Joensuu in neutral zone.
5:00 of 2nd period - Snap shot by Henrik Samuelsson.
5:00 of 2nd period - Goal by Henrik Samuelsson - Saguenéens : 3 - Little Stars : 1.
5:01 of 2nd period - Evgeny Kuznetsov wins face-off versus Alexander Wennberg in neutral zone.
5:06 of 2nd period - Icing by Mason Raymond.
5:07 of 2nd period - Evgeny Kuznetsov wins face-off versus Alexander Wennberg in Saguenéens zone.
5:10 of 2nd period - Snap shot by Scott Kosmachuck.
5:10 of 2nd period - Stopped by Joe Cannata without a rebound.
5:11 of 2nd period - Alexander Wennberg wins face-off versus Evgeny Kuznetsov in Saguenéens zone.
5:11 of 2nd period - Alexander Wennberg is hit by Scott Kosmachuck.
5:19 of 2nd period - Wrist shot by Garnet Hathaway.
5:19 of 2nd period - Stopped by Matt Murray with a rebound.
5:31 of 2nd period - Slapshot by Jesse Joensuu.
5:31 of 2nd period - Shot Misses the Net.
6:09 of 2nd period - Wrist shot by Alexander Wennberg.
6:09 of 2nd period - Shot Hit the Post.
6:19 of 2nd period - Wrist shot by Scott Kosmachuck.
6:19 of 2nd period - Shot Hit the Post.
6:21 of 2nd period - Wrist shot by Evgeny Kuznetsov.
6:21 of 2nd period - Shot Blocked by Seth Helgeson.
6:23 of 2nd period - Slapshot by Tyler Wotherspoon.
6:23 of 2nd period - Shot Misses the Net.
6:25 of 2nd period - Wrist shot by Jesse Joensuu.
6:25 of 2nd period - Shot Misses the Net.
6:27 of 2nd period - Slapshot by Tyson Barrie.
6:27 of 2nd period - Shot Misses the Net.
6:29 of 2nd period - Snap shot by Jesse Joensuu.
6:29 of 2nd period - Stopped by Joe Cannata with a rebound.
6:31 of 2nd period - Snap shot by Scott Kosmachuck.
6:31 of 2nd period - Shot Misses the Net.
6:33 of 2nd period - Wrist shot by Evgeny Kuznetsov.
6:33 of 2nd period - Shot Misses the Net.
6:37 of 2nd period - Snap shot by Jesse Joensuu.
6:37 of 2nd period - Stopped by Joe Cannata with a rebound.
6:45 of 2nd period - Wrist shot by Jesse Joensuu.
6:45 of 2nd period - Shot Misses the Net.
6:47 of 2nd period - Wrist shot by Evgeny Kuznetsov.
6:47 of 2nd period - Stopped by Joe Cannata with a rebound.
7:01 of 2nd period - Wrist shot by Jesse Joensuu.
7:01 of 2nd period - Shot Misses the Net.
7:17 of 2nd period - Wrist shot by Evgeny Kuznetsov.
7:17 of 2nd period - Deflect By Jake McCabe.
7:17 of 2nd period - Shot Misses the Net.
7:17 of 2nd period - Puck is out of play.
7:18 of 2nd period - Dana Tyrell wins face-off versus Henrik Samuelsson in Saguenéens zone.
7:22 of 2nd period - Minor Penalty to Carl Hagelin for Roughing.
7:23 of 2nd period - Dana Tyrell wins face-off versus Mark Stone in Saguenéens zone.
7:25 of 2nd period - Snap shot by Dana Tyrell.
7:25 of 2nd period - Stopped by Joe Cannata with a rebound.
7:27 of 2nd period - Snap shot by Dana Tyrell.
7:27 of 2nd period - Deflect By Zach Budish.
7:27 of 2nd period - Goal by Zach Budish - Saguenéens : 3 - Little Stars : 2.
7:28 of 2nd period - Dana Tyrell wins face-off versus Henrik Samuelsson in neutral zone.
7:35 of 2nd period - Robert Hagg is hit by Adam Tambellini and loses puck.
8:22 of 2nd period - Rhett Rakhshani is hit by Jason Dickinson and loses puck.
8:43 of 2nd period - Slapshot by Carl Hagelin.
8:43 of 2nd period - Stopped by Matt Murray without a rebound.
8:44 of 2nd period - Roman Horak wins face-off versus Mattias Janmark in Little Stars zone.
9:29 of 2nd period - Wrist shot by Roman Horak.
9:29 of 2nd period - Shot Blocked by Robert Hagg.
9:41 of 2nd period - Snap shot by Roman Horak.
9:41 of 2nd period - Shot Misses the Net.
9:43 of 2nd period - Slapshot by Sebastian Wannstrom.
9:43 of 2nd period - Shot Misses the Net.
9:45 of 2nd period - Snap shot by Michael Mersch.
9:45 of 2nd period - Deflect By Garnet Hathaway.
9:45 of 2nd period - Stopped by Joe Cannata with a rebound.
9:47 of 2nd period - Slapshot by Michael Mersch.
9:47 of 2nd period - Shot Misses the Net.
10:25 of 2nd period - Slapshot by Roman Horak.
10:25 of 2nd period - Shot Blocked by Robert Hagg.
10:27 of 2nd period - Slapshot by Eric Knodel.
10:27 of 2nd period - Stopped by Joe Cannata with a rebound.
10:37 of 2nd period - Snap shot by Roman Horak.
10:37 of 2nd period - Shot Misses the Net.
10:39 of 2nd period - Slapshot by Tucker Poolman.
10:39 of 2nd period - Stopped by Joe Cannata without a rebound.
10:40 of 2nd period - Mark Stone wins face-off versus Dana Tyrell in Saguenéens zone.
10:53 of 2nd period - Wrist shot by Tyler Wotherspoon.
10:53 of 2nd period - Stopped by Joe Cannata with a rebound.
10:55 of 2nd period - Minor Penalty to Carl Hagelin for Roughing.
10:56 of 2nd period - Rhett Rakhshani wins face-off versus Evgeny Kuznetsov in Saguenéens zone.
11:07 of 2nd period - Slapshot by Tyson Barrie.
11:07 of 2nd period - Deflect By Scott Kosmachuck.
11:07 of 2nd period - Shot Misses the Net.
11:07 of 2nd period - Puck is out of play.
11:08 of 2nd period - Rhett Rakhshani wins face-off versus Evgeny Kuznetsov in Saguenéens zone.
11:33 of 2nd period - Wrist shot by Jesse Joensuu.
11:33 of 2nd period - Stopped by Joe Cannata with a rebound.
11:41 of 2nd period - Wrist shot by Jesse Joensuu.
11:41 of 2nd period - Shot Misses the Net.
12:30 of 2nd period - Off-side.
12:31 of 2nd period - Mark Stone wins face-off versus Zach Budish in neutral zone.
12:34 of 2nd period - Tyson Barrie is hit by Jake McCabe and loses puck.
12:55 of 2nd period - Penalty to Carl Hagelin is over, Carl Hagelin is back on ice.
13:11 of 2nd period - Snap shot by Mark Stone.
13:11 of 2nd period - Stopped by Matt Murray without a rebound.
13:12 of 2nd period - Roman Horak wins face-off versus Henrik Samuelsson in Little Stars zone.
13:12 of 2nd period - Roman Horak is hit by Nick Mattson.
13:15 of 2nd period - Sebastian Wannstrom is hit by Nick Mattson and loses puck.
13:28 of 2nd period - Wrist shot by Mark Stone.
13:28 of 2nd period - Shot Blocked by Eric Knodel.
13:30 of 2nd period - Slapshot by Nick Mattson.
13:30 of 2nd period - Deflect By Sebastian Wannstrom.
13:30 of 2nd period - Stopped by Matt Murray with a rebound.
13:32 of 2nd period - Slapshot by Robert Hagg.
13:32 of 2nd period - Shot Misses the Net.
13:34 of 2nd period - Wrist shot by Carl Hagelin.
13:34 of 2nd period - Shot Misses the Net.
13:36 of 2nd period - Wrist shot by Henrik Samuelsson.
13:36 of 2nd period - Stopped by Matt Murray with a rebound.
13:38 of 2nd period - Snap shot by Henrik Samuelsson.
13:38 of 2nd period - Stopped by Matt Murray with a rebound.
13:40 of 2nd period - Wrist shot by Mark Stone.
13:40 of 2nd period - Shot Misses the Net.
13:42 of 2nd period - Snap shot by Duncan Siemens.
13:42 of 2nd period - Stopped by Matt Murray without a rebound.
13:43 of 2nd period - Evgeny Kuznetsov wins face-off versus Mattias Janmark in Little Stars zone.
13:43 of 2nd period - Evgeny Kuznetsov is hit by Tobias Rieder.
14:09 of 2nd period - Garnet Hathaway is hit by Tyson Barrie and loses puck.
14:30 of 2nd period - Jake McCabe is hit by Shawn Matthias and loses puck.
14:31 of 2nd period - Jake McCabe from Saguenéens is injured at 14:31 of 2nd period (Sprained Right Knee).
14:32 of 2nd period - Evgeny Kuznetsov wins face-off versus Henrik Samuelsson in Saguenéens zone.
14:36 of 2nd period - Snap shot by Anton Cederholm.
14:36 of 2nd period - Shot Blocked by Patrick Sieloff.
14:40 of 2nd period - Slapshot by Evgeny Kuznetsov.
14:40 of 2nd period - Shot Blocked by Seth Helgeson.
15:29 of 2nd period - Wrist shot by Teemu Pulkkinen.
15:29 of 2nd period - Goal by Teemu Pulkkinen - Saguenéens : 4 - Little Stars : 2.
15:30 of 2nd period - Henrik Samuelsson wins face-off versus Evgeny Kuznetsov in neutral zone.
15:30 of 2nd period - Carl Hagelin is hit by Jesse Joensuu.
15:40 of 2nd period - Wrist shot by Mark Stone.
15:40 of 2nd period - Goal by Mark Stone - Saguenéens : 5 - Little Stars : 2.
15:41 of 2nd period - Mattias Janmark wins face-off versus Evgeny Kuznetsov in neutral zone.
15:50 of 2nd period - Craig Cunningham is hit by Evgeny Kuznetsov.
15:55 of 2nd period - Off-side.
15:56 of 2nd period - Henrik Samuelsson wins face-off versus Dana Tyrell in neutral zone.
16:00 of 2nd period - Minor Penalty to Eric Knodel for Interference.
16:01 of 2nd period - Shawn Matthias wins face-off versus Alexander Wennberg in Little Stars zone.
18:00 of 2nd period - Penalty to Eric Knodel is over, Eric Knodel is back on ice.
18:37 of 2nd period - Snap shot by Jesse Joensuu.
18:37 of 2nd period - Shot Misses the Net.
18:39 of 2nd period - Wrist shot by Eric Knodel.
18:39 of 2nd period - Goal by Eric Knodel - Saguenéens : 5 - Little Stars : 3.
18:40 of 2nd period - Alexander Wennberg wins face-off versus Roman Horak in neutral zone.
19:07 of 2nd period - Tyler Wotherspoon is hit by Mark Stone and loses puck.
19:48 of 2nd period - Icing by Nick Mattson.
19:49 of 2nd period - Evgeny Kuznetsov wins face-off versus Henrik Samuelsson in Saguenéens zone.
19:54 of 2nd period - Snap shot by Evgeny Kuznetsov.
19:54 of 2nd period - Deflect By Mark Stone.
19:54 of 2nd period - Stopped by Joe Cannata with a rebound.
19:58 of 2nd period - Snap shot by Evgeny Kuznetsov.
19:58 of 2nd period - Stopped by Joe Cannata with a rebound.
Goals for this period are 4 for Saguenéens vs 2 for Little Stars.
Shots for this period are 12 for Saguenéens vs 18 for Little Stars.
3rd period
0:01 of 3rd period - Mattias Janmark wins face-off versus Evgeny Kuznetsov in neutral zone.
0:08 of 3rd period - Wrist shot by Tobias Rieder.
0:08 of 3rd period - Shot Misses the Net.
0:10 of 3rd period - Snap shot by Craig Cunningham.
0:10 of 3rd period - Shot Misses the Net.
0:12 of 3rd period - Slapshot by Seth Helgeson.
0:12 of 3rd period - Stopped by Matt Murray with a rebound.
0:26 of 3rd period - Anton Cederholm is hit by Patrick Sieloff and loses puck.
0:37 of 3rd period - Wrist shot by Mason Raymond.
0:37 of 3rd period - Shot Misses the Net.
0:49 of 3rd period - Snap shot by Henrik Samuelsson.
0:49 of 3rd period - Stopped by Matt Murray without a rebound.
0:50 of 3rd period - Dana Tyrell wins face-off versus Henrik Samuelsson in Little Stars zone.
1:16 of 3rd period - Tyson Barrie is hit by Mattias Janmark.
1:27 of 3rd period - Eric Knodel is hit by Seth Helgeson.
1:39 of 3rd period - Mason Raymond is hit by Eric Knodel and loses puck.
1:44 of 3rd period - Wrist shot by Shane Gersich.
1:44 of 3rd period - Stopped by Joe Cannata without a rebound.
1:45 of 3rd period - Evgeny Kuznetsov wins face-off versus Henrik Samuelsson in Saguenéens zone.
2:20 of 3rd period - Slapshot by Tyler Wotherspoon.
2:20 of 3rd period - Stopped by Joe Cannata without a rebound.
2:21 of 3rd period - Alexander Wennberg wins face-off versus Dana Tyrell in Saguenéens zone.
2:52 of 3rd period - Scott Kosmachuck is hit by Seth Helgeson and loses puck.
3:20 of 3rd period - Wrist shot by Shane Gersich.
3:20 of 3rd period - Shot Misses the Net.
3:26 of 3rd period - Snap shot by Shane Gersich.
3:26 of 3rd period - Goal by Shane Gersich - Saguenéens : 5 - Little Stars : 4.
3:27 of 3rd period - Mattias Janmark wins face-off versus Evgeny Kuznetsov in neutral zone.
3:38 of 3rd period - Wrist shot by Tobias Rieder.
3:38 of 3rd period - Stopped by Matt Murray with a rebound.
4:03 of 3rd period - Slapshot by Eric Knodel.
4:03 of 3rd period - Stopped by Joe Cannata with a rebound.
4:05 of 3rd period - Minor Penalty to Alexander Wennberg for Hooking.
4:06 of 3rd period - Evgeny Kuznetsov wins face-off versus Mason Raymond in Saguenéens zone.
5:39 of 3rd period - Seth Helgeson is hit by Tyler Wotherspoon and loses puck.
6:05 of 3rd period - Penalty to Alexander Wennberg is over, Alexander Wennberg is back on ice.
6:16 of 3rd period - Wrist shot by Teemu Pulkkinen.
6:16 of 3rd period - Shot Hit the Post.
6:18 of 3rd period - Slapshot by Nick Mattson.
6:18 of 3rd period - Deflect By Rhett Rakhshani.
6:18 of 3rd period - Shot Misses the Net.
6:18 of 3rd period - Puck is out of play.
6:19 of 3rd period - Roman Horak wins face-off versus Henrik Samuelsson in Little Stars zone.
6:33 of 3rd period - Off-side.
6:34 of 3rd period - Dana Tyrell wins face-off versus Mattias Janmark in neutral zone.
7:23 of 3rd period - Patrick Sieloff is hit by Roman Horak and loses puck.
7:44 of 3rd period - Snap shot by Shawn Matthias.
7:44 of 3rd period - Stopped by Joe Cannata with a rebound.
7:48 of 3rd period - Wrist shot by Shane Gersich.
7:48 of 3rd period - Stopped by Joe Cannata with a rebound.
7:50 of 3rd period - Snap shot by Jason Dickinson.
7:50 of 3rd period - Stopped by Joe Cannata with a rebound.
8:31 of 3rd period - Icing by Jesse Joensuu.
8:32 of 3rd period - Evgeny Kuznetsov wins face-off versus Alexander Wennberg in Little Stars zone.
8:32 of 3rd period - Evgeny Kuznetsov is hit by Garnet Hathaway.
8:45 of 3rd period - Slapshot by Tyson Barrie.
8:45 of 3rd period - Shot Blocked by Patrick Sieloff.
8:51 of 3rd period - Mason Raymond is hit by Jesse Joensuu and loses puck.
9:42 of 3rd period - Snap shot by Garnet Hathaway.
9:42 of 3rd period - Shot Misses the Net.
9:44 of 3rd period - Slapshot by Nick Mattson.
9:44 of 3rd period - Goal by Nick Mattson - Saguenéens : 6 - Little Stars : 4.
9:45 of 3rd period - Mattias Janmark wins face-off versus Dana Tyrell in neutral zone.
9:50 of 3rd period - Wrist shot by Tobias Rieder.
9:50 of 3rd period - Shot Blocked by Tyler Wotherspoon.
10:55 of 3rd period - Snap shot by Tobias Rieder.
10:55 of 3rd period - Stopped by Matt Murray without a rebound.
10:56 of 3rd period - Mattias Janmark wins face-off versus Dana Tyrell in Little Stars zone.
11:23 of 3rd period - Snap shot by Roman Horak.
11:23 of 3rd period - Stopped by Joe Cannata with a rebound.
11:25 of 3rd period - Slapshot by Sebastian Wannstrom.
11:25 of 3rd period - Goal by Sebastian Wannstrom - Saguenéens : 6 - Little Stars : 5.
11:26 of 3rd period - Evgeny Kuznetsov wins face-off versus Henrik Samuelsson in neutral zone.
11:29 of 3rd period - Seth Helgeson is hit by Tyler Wotherspoon and loses puck.
12:06 of 3rd period - Wrist shot by Henrik Samuelsson.
12:06 of 3rd period - Shot Misses the Net.
12:36 of 3rd period - Snap shot by Evgeny Kuznetsov.
12:36 of 3rd period - Deflect By Scott Kosmachuck.
12:36 of 3rd period - Shot Misses the Net.
12:36 of 3rd period - Puck is out of play.
12:37 of 3rd period - Dana Tyrell wins face-off versus Alexander Wennberg in Saguenéens zone.
12:45 of 3rd period - Minor Penalty to Garnet Hathaway for Holding.
12:46 of 3rd period - Mason Raymond wins face-off versus Dana Tyrell in Saguenéens zone.
13:03 of 3rd period - Icing by Shawn Matthias.
13:04 of 3rd period - Mason Raymond wins face-off versus Evgeny Kuznetsov in Little Stars zone.
13:09 of 3rd period - Snap shot by Mason Raymond.
13:09 of 3rd period - Shot Misses the Net.
13:11 of 3rd period - Snap shot by Mason Raymond.
13:11 of 3rd period - Stopped by Matt Murray without a rebound.
13:12 of 3rd period - Mason Raymond wins face-off versus Dana Tyrell in Little Stars zone.
14:45 of 3rd period - Penalty to Garnet Hathaway is over, Garnet Hathaway is back on ice.
15:01 of 3rd period - Michael Mersch is hit by Mark Stone and loses puck.
15:21 of 3rd period - Tucker Poolman is hit by Patrick Sieloff and loses puck.
15:36 of 3rd period - Snap shot by Alexander Wennberg.
15:36 of 3rd period - Deflect By Garnet Hathaway.
15:36 of 3rd period - Shot Misses the Net.
15:36 of 3rd period - Puck is out of play.
15:37 of 3rd period - Roman Horak wins face-off versus Alexander Wennberg in Little Stars zone.
15:46 of 3rd period - Snap shot by Alexander Wennberg.
15:46 of 3rd period - Deflect By Mason Raymond.
15:46 of 3rd period - Goal by Mason Raymond - Saguenéens : 7 - Little Stars : 5.
15:47 of 3rd period - Roman Horak wins face-off versus Mattias Janmark in neutral zone.
15:55 of 3rd period - Off-side.
15:56 of 3rd period - Roman Horak wins face-off versus Mattias Janmark in neutral zone.
15:59 of 3rd period - Snap shot by Tyler Wotherspoon.
15:59 of 3rd period - Stopped by Joe Cannata without a rebound.
16:00 of 3rd period - Mattias Janmark wins face-off versus Roman Horak in Saguenéens zone.
18:35 of 3rd period - Shawn Matthias is hit by Henrik Samuelsson and loses puck.
18:42 of 3rd period - Henrik Samuelsson is hit by Shawn Matthias.
18:46 of 3rd period - Shawn Matthias is hit by Henrik Samuelsson and loses puck.
18:59 of 3rd period - Mattias Janmark is hit by Tyler Wotherspoon and loses puck.
19:23 of 3rd period - Patrick Sieloff is hit by Michael Mersch and loses puck.
Goals for this period are 2 for Saguenéens vs 2 for Little Stars.
Shots for this period are 7 for Saguenéens vs 10 for Little Stars.
Back to the Top